 Dungeon Crawl Stone Soup version 0.27.1-1-g398f81649c (webtiles) character file.

Game seed: 1974133610999851890

93 acemry the Sneak (level 4, -4/28 HPs)
             Began as an Octopode Transmuter on Sept 9, 2021.
             Slain by Crazy Yiuf (6 damage)
             ... on level 2 of the Dungeon.
             The game lasted 00:03:05 (2728 turns).

acemry the Sneak (Octopode Transmuter)              Turns: 2728, Time: 00:03:07

Health: -4/28      AC:  1    Str:  8 (9)  XL:     4   Next: 61%
Magic:  1/7        EV: 13    Int: 15 (16) God:
Gold:   124        SH:  0    Dex: 11 (12) Spells: 3/7 levels left

rFire    . . .     SeeInvis .   c - +1 whip (drain)
rCold    . . .     Faith    .   (no shield)
rNeg     . . .     Spirit   .   (helmet currently unavailable)
rPois    .         Reflect  .   (no amulet)
rElec    .         Harm     .   (no ring)
rCorr    .         Rampage  .   (no ring)
Will     .....                  (no ring)
Stlth    +++.......             (no ring)
HPRegen  0.09/turn              (no ring)
MPRegen  0.10/turn              (no ring)
                                (no ring)
                                (no ring)

@: appendages
A: tentacle spike 3, almost no armour, amphibious, 8 rings, camouflage 1,
gelatinous body 1, (nimble swimmer 1), tentacles
a: End Transformation


You were on level 2 of the Dungeon.
One of your tentacles had grown a beastly spike.
You visited 1 branch of the dungeon, and saw 2 of its levels.

You collected 124 gold pieces.

Inventory:

Hand Weapons
 a - a +0 dagger
 c - a +1 whip of draining (weapon)
Jewellery
 e - a ring of ice
Scrolls
 d - a scroll of noise {unknown}
 f - a scroll of fog {unknown}
 h - a scroll of identify {unknown}
 j - a scroll of teleportation {unknown}
Potions
 b - 2 potions of degeneration
 g - a potion of resistance {unknown}
 i - a potion of lignification {unknown}
 k - a potion of brilliance {unknown}


   Skills:
 - Level 1.0 Fighting
 - Level 2.0 Dodging
 * Level 4.2 Stealth
 - Level 3.0 Unarmed Combat
 - Level 2.0 Spellcasting
 + Level 3.5 Transmutations


You had 3 spell levels left.
You knew the following spells:

 Your Spells              Type           Power      Damage    Failure   Level
a - Beastly Appendage     Tmut           24%        N/A       5%          1
b - Spider Form           Tmut/Pois      3%         N/A       32%         3

Your spell library contained the following spells:

 Spells                   Type           Power      Damage    Failure   Level
 Wereblood                Tmut           12%        N/A       8%          2
 Sandblast                Erth           2%         2d4       22%         1
 Blink                    Tloc           N/A        N/A       32%         2
 Ice Form                 Ice/Tmut       6%         N/A       71%         4
 Manifold Assault         Tloc           1%         N/A       99%         5
 Storm Form               Tmut/Air       3%         N/A       100%        7


Dungeon Overview and Level Annotations

Branches:
Dungeon (2/15)

Altars:

Annotations:
D:2 Crazy Yiuf


Innate Abilities, Weirdness & Mutations

One of your tentacles has grown a beastly spike.
You cannot wear most types of armour.
You are amphibious.
You can wear up to eight rings at the same time.
Your skin changes colour to match your surroundings (Stealth+).
Your rubbery body absorbs attacks. (AC +1, EV +1)
((You are camouflaged near water. (Stealth+)))
You have tentacles for arms and can constrict up to eight enemies at once.


Message History

You kill the endoplasm!
No target in view!
No target in view!
Your transformation is almost over.
Your tentacle spike disappears.
Crazy Yiuf shouts!
Could not explore, unopened runed door.
Could not explore, unopened runed door.
One of your tentacles grows a vicious spike.
No reachable target in view!
No reachable target in view!
No reachable target in view!
You open the door. You barely miss Crazy Yiuf. Your grab misses Crazy Yiuf.
You pierce Crazy Yiuf.
Crazy Yiuf is lightly wounded.
Crazy Yiuf misses you.
You hit Crazy Yiuf but do no damage. Your grab misses Crazy Yiuf.
You pierce Crazy Yiuf.
You squeeze Crazy Yiuf.
Crazy Yiuf is heavily wounded.
Crazy Yiuf hits you with a +3 quarterstaff of chaos!
You feel your power leaking away.
You hit Crazy Yiuf. You grab Crazy Yiuf.
Crazy Yiuf is heavily wounded.
You constrict Crazy Yiuf. Crazy Yiuf misses you.
Crazy Yiuf grits, "Blight!
Blight ena infinity."
Crazy Yiuf drinks a potion.
Crazy Yiuf is healed!
You hit Crazy Yiuf but do no damage.
You pierce Crazy Yiuf.
Crazy Yiuf is lightly wounded.
You constrict Crazy Yiuf.
Crazy Yiuf hits you with a +3 quarterstaff of chaos!
* * * LOW HITPOINT WARNING * * *
Crazy Yiuf freezes you.
* * * LOW HITPOINT WARNING * * *
It was a potion of degeneration.
There was something very wrong with that liquid.
You feel weakened.
You feel dopey.
You feel clumsy.
You constrict Crazy Yiuf.
Crazy Yiuf cries, "Fire!"
Crazy Yiuf hits you with a +3 quarterstaff of chaos.
You die...

.......##.........##.#......#.#
###....##..###########......#.###
#....##..# #.##+#.#....
#....##..# ##### #.##.#.#####
#....##..# #)..# #.##.#.#....
#....##..# #...# #..#.#......
#....##..# ... #..#.###....
#....##..# #g# ##.#.# #....
#....###.# #@## ##'#'###....
#....# #.# ##.# #...........
#....# #.# #.## #...........
###....###.# ##.# #...........
...........# ##.## #........###
...........# ##P..# #........#
...........# #..P.# #..#+###.###
...........# #....# #..#.##.....
...........# #....####.#)....###


You could see Crazy Yiuf.

Vanquished Creatures
  Jessica (D:2)
  2 adders (D:2)
  A worm (D:2)
  A dart slug (D:1)
  2 endoplasms
  4 giant cockroaches
  2 goblins
  4 hobgoblins
  2 jackals (D:2)
  6 kobolds
  4 quokkas
  5 ball pythons
  5 bats (D:1)
  2 frilled lizards (D:2)
  2 rats (D:1)
43 creatures vanquished.

Vanquished Creatures (others)
  2 draconians (D:1)
  An octopode (D:1)
  A gargoyle (D:1)
  A vine stalker (D:1)
  2 trolls (D:1)
  A spriggan (D:1)
  2 demonspawn (D:1)
  A human (D:1)
  A mummy (D:1)
  6 tentacles (D:1)
18 creatures vanquished.

Grand Total: 61 creatures vanquished

Notes
Turn   | Place    | Note
-------+----------+-------------------------------------------
     0 | D:1      | acemry the Octopode Transmuter began the quest for the Orb.
     0 | D:1      | Reached XP level 1. HP: 13/13 MP: 3/3
     0 | D:1      | Noticed a human
     0 | D:1      | Noticed a draconian
     0 | D:1      | Noticed a spriggan
     0 | D:1      | Noticed a gargoyle
     0 | D:1      | Noticed a kraken
     0 | D:1      | Noticed a troll
     0 | D:1      | Noticed a demonspawn
     0 | D:1      | Noticed a troll
     0 | D:1      | Noticed a demonspawn
     0 | D:1      | Noticed a vine stalker
     0 | D:1      | Noticed an octopode
     0 | D:1      | Noticed a draconian
     2 | D:1      | Killed a demonspawn
     5 | D:1      | Killed a gargoyle
     5 | D:1      | Killed a vine stalker
     6 | D:1      | Killed a demonspawn
     6 | D:1      | Killed a spriggan
     8 | D:1      | Killed an octopode
     8 | D:1      | Killed a human
    10 | D:1      | Killed a troll
    12 | D:1      | Killed a draconian
    12 | D:1      | Killed a draconian
    14 | D:1      | Killed a troll
    21 | D:1      | Reached skill level 1 in Stealth
    95 | D:1      | Reached XP level 2. HP: 18/18 MP: 3/5
   119 | D:1      | Reached skill level 2 in Stealth
   236 | D:1      | Found a faded altar of an unknown god.
   241 | D:1      | Got Plato's Volume of Stones
   559 | D:1      | Reached XP level 3. HP: 13/23 MP: 4/6
   563 | D:1      | Learned a level 3 spell: Spider Form
   911 | D:2      | Reached skill level 3 in Stealth
  1654 | D:2      | Reached XP level 4. HP: 13/28 MP: 5/7
  2512 | D:2      | Found a runed translucent door.
  2513 | D:2      | Noticed Crazy Yiuf
  2595 | D:2      | Noticed Jessica
  2602 | D:2      | Killed Jessica
  2603 | D:2      | Reached skill level 4 in Stealth
  2727 | D:2      | HP: 1/28 [Crazy Yiuf (5)]
  2728 | D:2      | Slain by Crazy Yiuf

Illustrated notes

Levels and vault maps discovered:
D:1:      nicolae_arrival_kraken_aquarium_a, layout_rooms,
          shapermc_ecumenical_altar_rom_forum, minmay_misc_feat_chi,
          grunt_decor_cap
D:2:      layout_basic, uniq_crazy_yiuf_cottage, uniq_jessica

Skill      XL: |  1  2  3  4 |
---------------+-------------+-----
Stealth        | 1 2 3 4 |  4.2
Transmutations | 3 |  3.5
Fighting       | |  1.0
Dodging        | |  2.0
Unarmed Combat | |  3.0
Spellcasting   | |  2.0

Action                   |  1- 3 |  4- 6 || total
-------------------------+-------+-------++-------
Melee: Unarmed           |    12 |       ||    12
       Constrict         |    18 |     4 ||    22
       Dagger            |    12 |       ||    12
       Kick              |     9 |     6 ||    15
       Tentacles         |     8 |     2 ||    10
       Whip              |    41 |    25 ||    66
       Punch             |     1 |       ||     1
 Cast: Beastly Appendage |    22 |     8 ||    30
  Use: Potion            |       |     1 ||     1
 Stab: Sleeping          |     2 |     2 ||     4
Armor: Skin              |     2 |       ||     2
Dodge: Dodged            |    34 |    19 ||    53
